 Dungeon Crawl Stone Soup version 0.25-a0-161-gb7fd73da8f (webtiles) character file.

Game seed: 1537635801380148802, levelgen mode: deterministic

33 MisterFreud the Skirmisher (level 3, -5/18 HPs)
             Began as a Felid Wanderer on Nov 21, 2019.
             Slain by an orc priest
             ... wielding a +0 hand axe
              (6 damage)
             ... on level 3 of the Dungeon.
             The game lasted 00:06:01 (3035 turns).

MisterFreud the Skirmisher (Felid Wanderer)         Turns: 3035, Time: 00:06:02

Health: -5/18      AC:  1    Str:  7    XL:     3   Next: 12%
Magic:  4/4        EV: 15    Int: 14    God:
Gold:   170        SH:  0    Dex: 16    Spells: 2/2 levels left
                                        Lives:  0   Deaths: 1

rFire    . . .     SeeInvis +     - Unarmed
rCold    . . .     Gourm    .   (shield unavailable)
rNeg     . . .     Faith    .   (armour unavailable)
rPois    .         Spirit   .   (helmet unavailable)
rElec    .         Reflect  .   (cloak unavailable)
rCorr    +         Harm     .   (gloves unavailable)
MR       .....                  (boots unavailable)
Stlth    +++.......             (no amulet)
HPRegen  0.06/turn              k - ring of resist corrosion
MPRegen  0.09/turn              (no ring)

@: quick
A: very small, no armour, no weapons or thrown items, stealth, claws 1, fangs 3,
see invisible, carnivore, speed 1, shaggy fur 1, slow metabolism 1, sharp paws
a: no special abilities


You were on level 3 of the Dungeon.
You were full.

You visited 1 branch of the dungeon, and saw 3 of its levels.

You collected 170 gold pieces.

Inventory:

Jewellery
 k - a ring of resist corrosion (left paw)
Scrolls
 a - 3 scrolls of blinking
 b - a scroll of teleportation
 e - a scroll of enchant armour {unknown}
 f - a scroll of remove curse
 h - a scroll of amnesia {unknown}
 i - a scroll of fear {unknown}
 j - 3 scrolls of identify
 l - a scroll of enchant weapon {unknown}
Potions
 d - a potion of curing
 g - a potion of resistance
 n - a potion of magic
Comestibles
 c - 9 rations


   Skills:
 + Level 4.4 Fighting
 - Level 2.6 Stealth
 - Level 3.0 Unarmed Combat
   Level 3.2 Transmutations


You had 2 spell levels left.
You didn't know any spells.
Your spell library was empty.

Dungeon Overview and Level Annotations

Branches:
Dungeon (3/15)

Altars:
Cheibriados
Gozag
Kikubaaqudgha
Okawaru
Qazlal
The Shining One


Innate Abilities, Weirdness & Mutations

You cannot wear armour.
You are incapable of wielding weapons or throwing items.
Your paws allow you to move quietly. (Stealth)
You have sharp claws.
You have razor-sharp teeth.
You have supernaturally acute eyesight. (SInv)
You are carnivorous and can eat meat at any time.
You cover ground quickly.
You are covered in fur. (AC +1)
You have a slow metabolism.
Your sharp claws are effective at attacking unaware monsters.


Message History

* * * LOW HITPOINT WARNING * * *
You closely miss the orc. You bite the orc, but do no damage.
The orc misses you.
You barely miss the orc. You scratch the orc.
You bite the orc, but do no damage.
The orc is moderately wounded.
The orc barely misses you.
You closely miss the orc. Your bite misses the orc.
The orc is moderately wounded.
The orc closely misses you.
You scratch the orc.
The orc is heavily wounded.
You scratch the orc.
The orc is severely wounded.
The orc hits you with a +0 mace.
* * * LOW HITPOINT WARNING * * *
You scratch the orc but do no damage.
The orc is severely wounded.
The orc priest hits you with a +0 hand axe.
You die...

##..........#......#
###..#(....##........#
.......##...###......#
###.#................#
###.##.#...##........#
#..........###.......#
...........# ##......#
.........>.####......#
#.............#.@o...#
...........##.###o..###
......................##
...........###o#####...########
............##..###.....#.....##
#..............................##
######...######.........).......#
###.## ###...............# #..#
#...............#


You could see an orc priest and an orc.

Vanquished Creatures
  2 adders (D:2)
  3 worms (D:2)
  2 dart slugs
  2 leopard geckos
  2 orcs (D:3)
  3 bats
  A giant cockroach (D:1)
  7 hobgoblins
  4 jackals (D:2)
  A quokka (D:3)
  A ball python (D:3)
  2 frilled lizards
  3 goblins
  4 kobolds
  3 rats
40 creatures vanquished.

Notes
Turn   | Place    | Note
-------+----------+-------------------------------------------
     0 | D:1      | MisterFreud the Felid Wanderer began the quest for the Orb.
     0 | D:1      | MisterFreud set off with the following items: 2 scrolls of
                  | blinking, 2 scrolls of teleportation, a ration
     0 | D:1      | Reached XP level 1. HP: 9/9 MP: 2/2
   685 | D:2      | Reached XP level 2. HP: 8/13 MP: 3/3
   810 | D:2      | Reached skill level 3 in Fighting
  1498 | D:2      | Found a stormy altar of Qazlal.
  1584 | D:2      | Reached XP level 3. HP: 14/17 MP: 4/4
  1849 | D:2      | Reached skill level 4 in Fighting
  2058 | D:2      | Found an iron altar of Okawaru.
  2059 | D:2      | Found an ancient bone altar of Kikubaaqudgha.
  2059 | D:2      | Found an opulent altar of Gozag.
  2062 | D:2      | Found a glowing golden altar of the Shining One.
  2150 | D:3      | Found a snail-covered altar of Cheibriados.
  2506 | D:3      | Reached XP level 4. HP: 22/22 MP: 5/5
  2981 | D:3      | Killed from afar by an orc priest
  2982 | D:3      | Reached XP level 3. HP: -3/18 MP: 4/4
  3035 | D:3      | Slain by an orc priest

Levels and vault maps discovered:
D:1:      scummos_arrival_gate, layout_loops_ring, minmay_misc_feat_tiny,
          grunt_decor_mini_mirrors
D:2:      layout_loops_corners, minitemple, nicolae_qazlal_general_emergency
D:3:      layout_rooms, cheibriados_altar_1

Skill      XL: |  1  2  3 |
---------------+----------+-----
Fighting       | 3 4 |  4.4
Stealth        | |  2.6
Unarmed Combat | |  3.0
Transmutations | |  3.2

Action                   |  1- 3 |  4- 6 || total
-------------------------+-------+-------++-------
Melee: Unarmed           |   127 |    22 ||   149
       Bite              |    10 |     3 ||    13
  Use: Scroll            |     5 |       ||     5
 Stab: Sleeping          |    10 |     1 ||    11
  Eat: Chunk             |    12 |     1 ||    13
Armor: Skin              |     8 |       ||     8
Dodge: Dodged            |    82 |     9 ||    91

Table legend:
 A = Non-vault XP
 B = Vault XP
 C = Vault XP percentage of total XP
 D = Non-vault monster count
 E = Vault monster count
 F = Vault count percentage of total count
                 A         B        C        D         E       F
            +---------+---------+-------+---------+---------+-------
      Total |     108 |       0 |   0.0 |      40 |       0 |   0.0
            +---------+---------+-------+---------+---------+-------
        D:1 |       5 |       0 |   0.0 |       4 |       0 |   0.0
        D:2 |      74 |       0 |   0.0 |      23 |       0 |   0.0
        D:3 |      29 |       0 |   0.0 |      13 |       0 |   0.0
            +---------+---------+-------+---------+---------+-------
